 Dungeon Crawl Stone Soup version 0.27.1-4-g1640c2035a (webtiles) character file.

Game seed: 15194915707831569373

118 scsoc the Chiller (level 4, -5/33 HPs)
             Began as a Draconian Ice Elementalist on Nov 2, 2021.
             Slain by Sigmund (11 damage)
             ... on level 3 of the Dungeon.
             The game lasted 00:13:00 (2546 turns).

scsoc the Chiller (Draconian Ice Elementalist)      Turns: 2546, Time: 00:13:00

Health: -5/33      AC:  6    Str: 10    XL:     4   Next: 72%
Magic:  2/8        EV: 12    Int: 17    God:
Gold:   92         SH:  0    Dex: 11    Spells: 8/9 levels left

rFire    . . .     SeeInvis .   f - +2 dagger (vamp)
rCold    . . .     Faith    .   (no shield)
rNeg     . . .     Spirit   .   (armour unavailable)
rPois    .         Reflect  .   (helmet restricted)
rElec    .         Harm     .   (no cloak)
rCorr    .         Rampage  .   i - +0 pair of gloves
Will     .....                  (no boots)
Stlth    ++........             (no amulet)
HPRegen  0.11/turn              (no ring)
MPRegen  0.11/turn              (no ring)

@: no status effects
A: AC +5, unfitting armour, cold-blooded
a: no special abilities


You were on level 3 of the Dungeon.
You visited 1 branch of the dungeon, and saw 3 of its levels.

You collected 137 gold pieces.
You spent 45 gold pieces at shops.

Inventory:

Hand Weapons
 f - a +2 vampiric dagger (weapon)
Armour
 i - a +0 pair of gloves (worn)
Scrolls
 c - a scroll of blinking {unknown}
 d - a scroll of noise {unknown}
 e - a scroll of identify {unknown}
 k - a scroll of torment {unknown}
 l - a scroll of immolation {unknown}
Potions
 a - a potion of resistance {unknown}
 b - a potion of lignification {unknown}
 g - a potion of curing {unknown}
 h - a potion of haste
 j - a potion of invisibility {unknown}


   Skills:
 + Level 0.2 Fighting
 + Level 0.6 Short Blades
 + Level 2.0 Dodging
 + Level 2.1 Stealth
 + Level 3.0 Spellcasting
 + Level 5.2 Ice Magic


You had 8 spell levels left.
You knew the following spells:

 Your Spells              Type           Power      Damage    Failure   Level
a - Freeze                Ice            80%        1d9       1%          1

Your spell library contained the following spells:

 Spells                   Type           Power      Damage    Failure   Level
 Frozen Ramparts          Ice            40%        1d6       6%          3
 Ozocubu's Armour         Ice            20%        N/A       6%          3
 Sublimation of Blood     Necr           1%         N/A       26%         2
 Wereblood                Tmut           2%         N/A       26%         2
 Gell's Gravitas          Tloc           1%         N/A       45%         3
 Lesser Beckoning         Tloc           1%         N/A       45%         3
 Teleport Other           Tloc           2%         N/A       45%         3
 Hailstorm                Conj/Ice       11%        3d5       52%         4
 Malign Gateway           Summ/Tloc      1%         N/A       100%        7
 Summon Hydra             Summ           1%         N/A       100%        7
 Summon Horrible Things   Summ           1%         N/A       100%        8


Dungeon Overview and Level Annotations

Branches:
Dungeon (3/15)

Altars:
Hepliaklqana

Shops:
D:2 [

Annotations:
D:3 Sigmund


Innate Abilities, Weirdness & Mutations

Your plain brown scales are hard. (AC +5)
You cannot fit into any form of body armour.
You are cold-blooded and may be slowed by cold attacks.


Message History

Press: ? - help, Shift-Dir - straight line, f/p - Sigmund
Aim: Sigmund, wielding a +0 scythe and wearing a +0 robe (moderately wounded)
You freeze Sigmund.
Sigmund is moderately wounded.
Sigmund hits you with a +0 scythe!
Casting: Freeze (safe; 1% risk of failure)
Confirm with . or Enter, or press ? or * to list all spells.
Aiming: Freeze (safe; 1% risk of failure)
Press: ? - help, Shift-Dir - straight line, f/p - Sigmund
Aim: Sigmund, wielding a +0 scythe and wearing a +0 robe (moderately wounded)
You freeze Sigmund.
Sigmund is heavily wounded.
The endoplasm jiggles.
Casting: Freeze (safe; 1% risk of failure)
Confirm with . or Enter, or press ? or * to list all spells.
Aiming: Freeze (safe; 1% risk of failure)
Press: ? - help, Shift-Dir - straight line, f/p - Sigmund
Aim: Sigmund, wielding a +0 scythe and wearing a +0 robe (heavily wounded)
You freeze Sigmund!
Sigmund is severely wounded.
Sigmund gestures at you while chanting. The magic dart hits you!
Casting: Freeze (safe; 1% risk of failure)
Confirm with . or Enter, or press ? or * to list all spells.
Aiming: Freeze (safe; 1% risk of failure)
Press: ? - help, Shift-Dir - straight line, f/p - Sigmund
Aim: Sigmund, wielding a +0 scythe and wearing a +0 robe (severely wounded)
You freeze Sigmund.
Sigmund is almost dead.
Sigmund gestures wildly while chanting.
Sigmund flickers and vanishes!
Deactivating autopickup; reactivate with Ctrl-A.
You closely miss something.
You hear some strange, mumbled words.
A magic dart appears from out of thin air!
The magic dart hits you!
* * * LOW HITPOINT WARNING * * *
You miss something. Something hits you but does no damage.
You hit something. You tail-slap something. Something hits you!
You die...

...#### ...#
#.# ......<
.w..# ###.#
.#.###. .....#
##.#.# ...###
......####....#
.....+
......'.......#
...###
#.......# .###
#J##..#.# ....
#{##....# #####
#@#####.# #.#
#.# #....>..#
#######.#


You could see an endoplasm.

Vanquished Creatures
  Jessica (D:2)
  3 adders (D:2)
  2 worms (D:2)
  4 orcs
  5 bats
  3 endoplasms
  2 giant cockroaches (D:1)
  5 goblins
  3 hobgoblins
  5 quokkas
  3 ball pythons
  5 frilled lizards
  8 kobolds
  5 rats
54 creatures vanquished.

Vanquished Creatures (others)
  3 plants (D:1)
3 creatures vanquished.

Grand Total: 57 creatures vanquished

Notes
Turn   | Place    | Note
-------+----------+-------------------------------------------
     0 | D:1      | scsoc the Draconian Ice Elementalist began the quest for
                  | the Orb.
     0 | D:1      | Reached XP level 1. HP: 14/14 MP: 3/3
   344 | D:1      | Reached XP level 2. HP: 19/20 MP: 1/5
   850 | D:1      | Found a faded altar of an unknown god.
  1409 | D:2      | Reached XP level 3. HP: 26/26 MP: 4/6
  1444 | D:2      | Noticed Jessica
  1455 | D:2      | Killed Jessica
  1604 | D:2      | Reached XP level 4. HP: 33/33 MP: 7/7
  1773 | D:2      | Reached skill level 5 in Ice Magic
  2129 | D:2      | Found Kuon Qio's Armour Shop.
  2140 | D:2      | Bought a +0 pair of gloves for 45 gold pieces
  2324 | D:3      | Found a hazy altar of Hepliaklqana.
  2531 | D:3      | Noticed Sigmund
  2546 | D:3      | Slain by Sigmund

Illustrated notes

Levels and vault maps discovered:
D:1:      lightli_arrival_maybe_door_vault, layout_basic, serial_forest,
          infiniplex_forest_clump_small, infiniplex_forest_lined_1,
          infiniplex_forest_straight_2, infiniplex_forest_side_room,
          infiniplex_forest_clump_medium, infiniplex_forest_corner_2,
          infiniplex_forest_split, infiniplex_forest_lined_2,
          shapermc_ecumenical_altar_venn, minmay_domino_2
D:2:      layout_basic, serial_shops, shop, grunt_ministairs_7,
          guppyfry_early_orc_mine, uniq_jessica
D:3:      layout_loops_corners, mainiacjoe_overflow_surrounded_room,
          uniq_sigmund

Skill      XL: |  1  2  3  4 |
---------------+-------------+-----
Stealth        | 2 |  2.1
Dodging        | 2 |  2.0
Ice Magic      | 5 |  5.2
Spellcasting   | 3 |  3.0
Fighting       | |  0.2
Short Blades   | |  0.6

Action                   |  1- 3 |  4- 6 || total
-------------------------+-------+-------++-------
Melee: Dagger            |    18 |    14 ||    32
       Tailslap          |     1 |     2 ||     3
 Cast: Freeze            |    46 |    32 ||    78
  Use: Potion            |       |     1 ||     1
 Stab: Sleeping          |     3 |     2 ||     5
Armor: Skin              |    11 |    13 ||    24
Dodge: Dodged            |    28 |    15 ||    43
